 Dungeon Sprint DCSS version 0.20.1-1-g8b1a95d (webtiles) character file.

95 equalderp2856 the Skirmisher (level 4, -4/45 HPs)
             Began as a Minotaur Fighter on Sept 4, 2017.
             Slain by a troll (6 damage)
             ... in the Dungeon (Sprint IX: "|||||||||||||||||||||||||||||").
             The game lasted 00:00:23 (247 turns).

equalderp2856 the Skirmisher (Minotaur Fighter)      Turns: 247, Time: 00:00:24

Health: -4/45      AC:  7    Str: 20    XL:     4   Next: 40%
Magic:  3/3        EV:  8    Int:  5    God:
Gold:   0          SH: 10    Dex: 11    Spells: 3/3 levels left

rFire    . . .     SeeInvis .   a - +0 war axe
rCold    . . .     Gourm    .   c - +0 shield
rNeg     . . .     Faith    .   b - +0 scale mail
rPois    .         Spirit   .   (helmet restricted)
rElec    .         Reflect  .   (no cloak)
rCorr    .         Harm     .   (no gloves)
MR       .....     NoTele   +   (no boots)
Stlth    ..........             (no amulet)
Regen    0.2/turn               (no ring)
MPRegen  0.1/turn               (no ring)

@: no status effects
A: retaliatory headbutt, horns 2
a: no special abilities


You were in the Dungeon.
You were not hungry.

You visited 1 branch

Inventory:

Hand Weapons
 a - a +0 war axe (weapon)
Armour
 b - a +0 scale mail (worn)
 c - a +0 shield (worn)
Jewellery
 p - a +3 ring of intelligence
 q - a +3 ring of dexterity
Wands
 o - a wand of iceblast (7/15)
Scrolls
 k - 2 scrolls of blinking
 m - 3 scrolls of remove curse
 n - 2 scrolls of amnesia
Potions
 d - a potion of might
 e - 5 potions of curing
 g - 3 potions of heal wounds
 h - a potion of haste
 i - 4 potions of magic
 j - a potion of berserk rage
 l - a potion of invisibility
Comestibles
 f - a bread ration


   Skills:
 + Level 6.7 Fighting
 + Level 5.3 Axes
 + Level 6.2 Armour
 + Level 6.4 Shields


You had 3 spell levels left.
You didn't know any spells.

Dungeon Overview and Level Annotations

Branches:
Dungeon (1/1)

Altars:
Cheibriados
Dithmenos
Elyvilon
Fedhas
Gozag
Hepliaklqana
Kikubaaqudgha
Makhleb
Nemelex Xobeh
Okawaru
Qazlal
Ru
Sif Muna
Trog
Uskayaw
Vehumet
Xom
Yredelemnul
Zin
The Shining One
Beogh
Jiyva
Lugonu


Innate Abilities, Weirdness & Mutations

You reflexively headbutt those who attack you in melee.
You have a pair of horns on your head.


Message History

Items here: ))))))
You see here an uncursed staff of energy.
You closely miss the troll. You block the troll's attack. The troll claws you.
You block the troll's attack.
You hit the troll but do no damage. You block the troll's attack.
The troll claws you but does no damage. The troll claws you.
You hit the troll but do no damage.
You headbutt the troll, but do no damage.
The troll bites you! The troll claws you but does no damage.
The troll claws you!
A sky beast appears from thin air!
Reactivating autopickup.
The troll bites you. You block the troll's attack. The troll barely misses you.
Your scale mail prevents you from hitting the troll.
The troll barely misses you. The troll closely misses you. The troll claws you.
* * * LOW HITPOINT WARNING * * *
You hit the troll but do no damage. The troll bites you!
* * * LOW HITPOINT WARNING * * *
You block the troll's attack. x2
You closely miss the troll.
The crimson imp blinks!
The troll bites you.
You die...

▓_▓
▓_▓
▓.▓
▓_▓
▓_▓
▓_▓
▓_▓
▓5▓
▓@▓
▓T▓
▓O▓
▓F▓
▓s▓
▓§▓
▓Y▓
▓.▓
▓.▓


You could see a two-headed ogre, a troll, a sky beast, a bullfrog, a scorpion
and a crimson imp.

Vanquished Creatures
  A crimson imp (D)
  A hound (D)
  An iguana (D)
  A leopard gecko (D)
  A hobgoblin (D)
  A ball python zombie (D)
  A bat (D)
  2 frilled lizards (D)
  A rat (D)
10 creatures vanquished.

Notes
Turn   | Place    | Note
-------+----------+-------------------------------------------
     0 | D        | equalderp2856 the Minotaur Fighter began the quest for the Orb.
     0 | D        | Reached XP level 1. HP: 19/19 MP: 0/0
    24 | D        | Noticed an iguana
    24 | D        | Noticed a crimson imp
    24 | D        | Noticed a hound
    30 | D        | Killed an iguana
    30 | D        | Reached skill level 5 in Fighting
    30 | D        | Reached skill level 5 in Armour
    30 | D        | Reached skill level 5 in Shields
    30 | D        | Reached XP level 2. HP: 13/29 MP: 1/1
    30 | D        | Reached XP level 3. HP: 16/36 MP: 2/2
    36 | D        | Reached skill level 5 in Axes
    36 | D        | Reached XP level 4. HP: 22/45 MP: 3/3
   191 | D        | Found a roughly hewn altar of Beogh.
   191 | D        | Found a snail-covered altar of Cheibriados.
   191 | D        | Found a shadowy altar of Dithmenos.
   191 | D        | Found a white marble altar of Elyvilon.
   191 | D        | Found a blossoming altar of Fedhas.
   191 | D        | Found an opulent altar of Gozag.
   192 | D        | Found a hazy altar of Hepliaklqana.
   193 | D        | Found a viscous altar of Jiyva.
   194 | D        | Found an ancient bone altar of Kikubaaqudgha.
   195 | D        | Found a corrupted altar of Lugonu.
   196 | D        | Found a burning altar of Makhleb.
   197 | D        | Found a sparkling altar of Nemelex Xobeh.
   198 | D        | Found an iron altar of Okawaru.
   199 | D        | Found a stormy altar of Qazlal.
   200 | D        | Found a sacrificial altar of Ru.
   201 | D        | Found a deep blue altar of Sif Muna.
   202 | D        | Found a bloodstained altar of Trog.
   203 | D        | Found a hide-covered altar of Uskayaw.
   204 | D        | Found a radiant altar of Vehumet.
   206 | D        | Found a shimmering altar of Xom.
   207 | D        | Found a basalt altar of Yredelemnul.
   208 | D        | Found a glowing silver altar of Zin.
   209 | D        | Found a glowing golden altar of the Shining One.
   233 | D        | Noticed a troll
   233 | D        | Noticed a bullfrog
   233 | D        | Noticed a two-headed ogre
   233 | D        | Noticed a sky beast
   246 | D        | HP: 1/45 [troll (11)]
   247 | D        | Slain by a troll

Skill      XL: |  1  2  3 |
---------------+----------+-----
Armour         | 5 6 |  6.2
Shields        | 5 6 |  6.4
Fighting       | 5 6 |  6.7
Axes           | 3 5 |  5.3

Action                   |  1- 3 |  4- 6 || total
-------------------------+-------+-------++-------
Melee: War axe           |    26 |     6 ||    32
       Headbutt          |       |     1 ||     1
Armor: Scale mail        |    11 |     2 ||    13
Dodge: Dodged            |     5 |     3 ||     8
Block: Shield            |     9 |     6 ||    15
